 Dungeon Crawl Stone Soup version 0.18.1-8-gdd0e5ea (webtiles) character file.

2030 M4edhros the Cleaver (level 9, -11/70 HPs)
             Began as a Minotaur Berserker on May 23, 2016.
             Was a Believer of Trog.
             Killed from afar by an orc (16 damage)
             ... with a wand of acid
             ... on level 8 of the Dungeon.
             The game lasted 00:09:38 (1554 turns).

M4edhros the Cleaver (Minotaur Berserker)           Turns: 1554, Time: 00:09:38

Health: -11/70     AC:  6    Str: 22    XL:     9   Next: 3%
Magic:  0/8        EV: 10    Int:  4    God:    Trog [**....]
Gold:   124        SH:  3    Dex: 13    Spells: 0 memorised, 8 levels left

rFire  . . .     SeeInvis .     a - +0 hand axe
rCold  . . .     Gourm    .     x - +0 scale mail
rNeg   . . .     Faith    .     A - +0 buckler
rPois  .         Spirit   +     (helmet restricted)
rElec  .         Dismiss  .     (no cloak)
rCorr  .         Reflect  .     (no gloves)
SustAt .         Harm     .     (no boots)
MR     ++...                    e - amulet of guardian spirit
Stlth  +.........               (no ring)
                                r - ring of stealth

@: exhausted, regenerating, very resistant to hostile enchantments, very
unstealthy
A: retaliatory headbutt, horns 2
a: Berserk, Trog's Hand, Burn Spellbooks, Renounce Religion


You were on level 8 of the Dungeon.
You worshipped Trog.
Trog was pleased with you.
You were not hungry.

You visited 1 branch of the dungeon, and saw 9 of its levels.

You collected 124 gold pieces.

Inventory:

Hand Weapons
 a - a +0 hand axe (weapon)
Missiles
 g - 2 javelins of returning (quivered)
 y - 4 tomahawks
Armour
 b - a +0 animal skin
 x - a +0 scale mail (worn)
 A - a +0 buckler (worn)
Jewellery
 e - an amulet of guardian spirit (around neck)
 r - a ring of stealth (left hand)
Wands
 h - a wand of enslavement (13/24)
Scrolls
 i - 4 scrolls of enchant weapon {unknown}
 m - a scroll of amnesia {unknown}
 o - 2 scrolls of recharging {unknown}
 q - 3 scrolls of fog
 s - a scroll of remove curse
 u - 2 scrolls of teleportation {unknown}
 v - 2 scrolls of immolation
 w - a scroll of enchant armour
Potions
 d - a potion of magic
 j - a potion of cancellation {unknown}
 k - 3 potions of cure mutation
Comestibles
 c - 2 bread rations
 f - 9 chunks of flesh
 l - a meat ration
 z - a slice of pizza


   Skills:
 - Level 3.6 Fighting
 + Level 13.9 Axes
 - Level 2.4 Armour
 - Level 2.1 Dodging


You had 8 spell levels left.
You didn't know any spells.

Dungeon Overview and Level Annotations

Branches:
Dungeon (9/15)
 Temple: D:4-7         Lair: D:8-11         Orc: D:9-12

Altars:
Dithmenos
Elyvilon
Nemelex Xobeh
Ru
Sif Muna

Annotations:
D:3 Thrillho's ghost, amateur HuSk


Innate Abilities, Weirdness & Mutations

You reflexively headbutt those who attack you in melee.
You have a pair of horns on your head.


Message History

You hit the orc wizard.
The orc wizard is almost dead.
You hit the orc.
The orc is heavily wounded.
You slash the orc!
You kill the orc!
Trog accepts your kill.
The orc wizard hits you but does no damage.
You block the orc's attack.
You barely miss the orc wizard.
The orc wizard is almost dead.
You barely miss the orc.
The orc is heavily wounded.
The orc wizard mumbles some strange words.
The orc wizard flickers and vanishes!
Deactivating autopickup; reactivate with Ctrl-A.
The orc zaps a wand.
The bolt of acid hits something.
Reactivating autopickup.
You feel a bit more experienced. The bolt of acid hits you!
You die...

,*********,*****,,,*****,,,*
,,,,,,,,,,,,,,,,,⌠.,,,,,,,,*
**,,******,*****,..*****,*,*
*,,** ***,,,+*.#+,,,**,,*
,,*********,8,,,*.#,,,8,****
,,,,,,,**,*,,_,,#.#,,_,,*
,,****,,.,*,8,8,#.#,8,8,*
,,,* ***#.**,,,##.##,,,**
,,.## *##..###*#@).####*
*,..###.....o.##)o....#######
**#.$.....o...:.o...........#
#.#..#....................#
###...........#.............#
.....<...#.#####.##.........#
##..#...##,**,...###........#
.......#**,*#.#### #.>......#
...(.### *,#.,* ###.######


You could see 2 orcs.

Vanquished Creatures
  An ugly thing (D:8)
  Joseph (D:8)
  The ghost of Hipnos the Geomancer, a novice GrEE (D:5)
  Duvessa (D:6)
  A sky beast (D:7)
  An ice beast (D:8)
  A centaur (D:8)
  A giant frog (D:7)
  Dowan (D:6)
  A scorpion (D:7)
  3 killer bees (D:7)
  A crimson imp (D:7)
  A centaur zombie (D:5)
  2 hounds (D:8)
  An orc wizard (D:8)
  2 iguanas
  A hound zombie (D:8)
  A worker ant zombie (D:5)
  4 adders
  8 gnolls
  A howler monkey skeleton (D:4)
  2 worms
  An adder zombie (D:7)
  A dart slug (D:1)
  7 orcs
  6 bats
  4 giant cockroaches
  6 hobgoblins
  6 jackals (D:8)
  A kobold (D:2)
  A quokka (D:3)
  A ball python (D:1)
  A giant cockroach zombie (D:5)
  2 giant newts
  4 rats
78 creatures vanquished.

Vanquished Creatures (others)
  An orc wizard (D:8)
1 creature vanquished.

Grand Total: 79 creatures vanquished

Notes
Turn   | Place    | Note
--------------------------------------------------------------
     0 | D:1      | M4edhros the Minotaur Berserker began the quest for the Orb.
     0 | D:1      | Reached XP level 1. HP: 19/19 MP: 0/0
     6 | D:1      | Noticed a redback
     6 | D:1      | Noticed a rime drake
    91 | D:1      | Reached skill level 4 in Axes
   258 | D:2      | Reached XP level 2. HP: 18/26 MP: 1/1
   455 | D:4      | Reached skill level 5 in Axes
   455 | D:4      | Reached XP level 3. HP: 18/31 MP: 2/2
   464 | D:4      | Reached XP level 4. HP: 7/39 MP: 3/3
   507 | D:2      | Found a sparkling altar of Nemelex Xobeh.
   521 | D:3      | Reached skill level 6 in Axes
   581 | D:3      | Found a shadowy altar of Dithmenos.
   598 | D:3      | Reached ** piety under Trog
   641 | D:3      | Found a white marble altar of Elyvilon.
   657 | D:3      | Noticed Thrillho's ghost (amateur HuSk)
   722 | D:2      | Reached skill level 7 in Axes
   722 | D:2      | Reached XP level 5. HP: 17/45 MP: 4/4
   938 | D:5      | Entered Level 5 of the Dungeon
  1006 | D:5      | Noticed Hipnos's ghost (novice GrEE)
  1017 | D:5      | Killed Hipnos's ghost
  1017 | D:5      | Reached skill level 9 in Axes
  1017 | D:5      | Reached XP level 6. HP: 51/51 MP: 5/5
  1035 | D:6      | Noticed Duvessa
  1035 | D:6      | Noticed Dowan
  1050 | D:6      | Killed Duvessa
  1050 | D:6      | Reached XP level 7. HP: 44/57 MP: 6/6
  1064 | D:6      | Killed Dowan
  1064 | D:6      | Reached skill level 10 in Axes
  1083 | D:6      | Found a deep blue altar of Sif Muna.
  1160 | D:6      | Found a sacrificial altar of Ru.
  1196 | D:7      | Reached skill level 11 in Axes
  1197 | D:7      | HP: 4/85 [poisoned by a killer bee]
  1203 | D:7      | HP: 4/85 [poisoned by a killer bee]
  1270 | D:8      | Reached XP level 8. HP: 21/64 MP: 7/7
  1320 | D:8      | Noticed Joseph
  1330 | D:8      | HP: 2/96 [Joseph/sling bullet (8)]
  1364 | D:8      | Killed Joseph
  1364 | D:8      | Reached skill level 12 in Axes
  1500 | D:8      | Noticed a cyan ugly thing
  1510 | D:8      | Killed a cyan ugly thing
  1510 | D:8      | Reached skill level 13 in Axes
  1514 | D:8      | Reached XP level 9. HP: 20/70 MP: 1/8
  1552 | D:8      | HP: 3/70 [orc wizard/magic dart (5)]
  1554 | D:8      | Killed from afar by an orc

Skill      XL: |  1  2  3  4  5  6  7  8 |
---------------+-------------------------+-----
Axes           | 4 5 7 9 11 13 | 13.9
Fighting       | |  3.6
Armour         | |  2.4
Dodging        | |  2.1

Action                   |  1- 3 |  4- 6 |  7- 9 || total
-------------------------+-------+-------+-------++-------
Melee: Hand axe          |    36 |    91 |   128 ||   255
       Headbutt          |     7 |    20 |    14 ||    41
Invok: Berserk           |     1 |     2 |     2 ||     5
       Trog's Hand       |       |     1 |     3 ||     4
  Use: Potion            |       |     2 |     6 ||     8
       Scroll            |       |       |     8 ||     8
 Stab: Sleeping          |     1 |     1 |       ||     2
       Invisible         |       |       |     7 ||     7
  Eat: Chunk             |       |     4 |     4 ||     8
Armor: Animal skin       |     8 |       |       ||     8
       Scale mail        |       |    32 |    22 ||    54
       Skin              |       |       |    16 ||    16
Dodge: Dodged            |    32 |    46 |    37 ||   115
Block: Buckler           |       |     6 |    12 ||    18
